AoeStats
← HombreGuz

Arena

505379207Analyzed
3v3 RM · 23d ago on Sep 9, 2026· 49m 12s· 6 players
Game mode
Random Map
Map size
Normal (6 player)
Population
200
Speed
Normal
Resources
Standard
Victory
Conquest
Starting age
Dark Age
Ending age
Imperial Age
RankedLock teamsTeams togetherTeam positionsShared explorationLock speedFull tech treeHidden civsTurbo modeCheats
Victory
Defeat
🇨🇦 Wu · Canada
1028
+17
🇨🇦 Huns · Canada
1019
+17
🇨🇦 Vietnamese · Canada
1015
+17
🇨🇱 Mongols · Chile
1109
-20
🇨🇱 Goths · Chile
1073
-18
🇨🇱 Chinese · Chile
955
-38
Hayah
7:18 Loom
9:42 Feudal Age
10:24 Double-Bit Axe
10:21 Horse Collar
17:13 Castle Age
15:39 Stone Mining
15:56 Gold Mining
17:43 Wheelbarrow
16:54 Town Watch
18:30 Bow Saw
18:54 Heavy Plow
19:18 Fletching
19:38 Padded Archer Armor
23:24 Husbandry
23:40 Forging
24:22 Bloodlines
25:30 Ballistics
25:20 Scale Barding Armor
26:57 Bodkin Arrow
27:43 Leather Archer Armor
29:14 Squires
29:00 Arson
34:25 Imperial Age
33:05 Chatras
34:37 Fortified Wall
34:23 Murder Holes
35:12 Iron Casting
35:07 Chain Barding Armor
36:11 Bracer
38:47 Paper Money
39:07 Ring Archer Armor
39:13 Plate Barding Armor
40:13 Two-Man Saw
40:19 Elite Battle Elephant
40:50 Capped Ram
44:52 Hand Cart
44:37 Town Patrol
44:44 Scale Mail Armor
45:14 Elite Rattan Archer
47:24 Crop Rotation
47:25 Town Patrol
48:21 Hoardings
48:29 Thumb Ring
47:49 Pikeman
47:55 Elite Skirmisher
49:04 Chain Mail Armor
banana
10:51 Feudal Age
9:24 Loom
11:56 Double-Bit Axe
11:56 Horse Collar
17:07 Castle Age
16:49 Wheelbarrow
18:00 Heavy Plow
17:35 Crossbowman
18:16 Fletching
18:27 Padded Archer Armor
18:57 Stone Mining
21:31 Gold Mining
24:10 Bow Saw
25:14 Stone Shaft Mining
32:38 Imperial Age
32:07 Ballistics
31:45 Bodkin Arrow
33:17 Red Cliffs Tactics
34:25 Conscription
34:50 Gold Shaft Mining
37:06 Bracer
37:21 Leather Archer Armor
37:28 Sitting Tiger
37:38 Elite Fire Archer
42:07 Chemistry
41:03 Murder Holes
41:19 Masonry
jalo117
12:11 Feudal Age
13:56 Loom
17:03 Castle Age
15:28 Double-Bit Axe
15:25 Horse Collar
18:54 Fletching
19:15 Forging
20:23 Wheelbarrow
21:10 Bodkin Arrow
21:51 Iron Casting
21:54 Bow Saw
21:47 Heavy Plow
22:37 Squires
24:23 Gold Mining
25:00 Scale Mail Armor
26:26 Pikeman
28:47 Scale Barding Armor
30:36 Padded Archer Armor
31:05 Husbandry
32:33 Marauders
34:14 Thumb Ring
37:40 Imperial Age
39:09 Parthian Tactics
42:39 Hand Cart
41:57 Heavy Cavalry Archer
47:28 Two-Man Saw
46:28 Town Watch
47:33 Gold Shaft Mining
46:49 Stone Mining
50:11 Chemistry
50:02 Ballistics
49:43 Murder Holes
naitsab7
2:03 Loom
9:59 Feudal Age
13:29 Double-Bit Axe
22:00 Castle Age
21:00 Fletching
22:17 Wheelbarrow
22:25 Crossbowman
23:20 Padded Archer Armor
31:30 Imperial Age
30:12 Pikeman
30:58 Bodkin Arrow
31:37 Ballistics
32:58 Elite Skirmisher
35:55 Chemistry
35:16 Bracer
36:56 Bow Saw
37:44 Arbalester
40:09 Leather Archer Armor
46:18 Heavy Rocket Cart
HombreGuz
13:18 Feudal Age
15:15 Loom
18:04 Castle Age
17:33 Stone Mining
20:29 Double-Bit Axe
21:22 Stone Shaft Mining
21:51 Forging
24:21 Scale Mail Armor
27:09 Wheelbarrow
33:18 Imperial Age
33:51 Elite Skirmisher
Plutanoide
4:59 Loom
11:08 Feudal Age
16:45 Castle Age
25:57 Murder Holes
25:55 Double-Bit Axe
29:26 Horse Collar
33:46 Imperial Age
34:16 Husbandry
34:27 Bloodlines
35:57 Chemistry
34:54 Fletching
35:05 Padded Archer Armor
38:03 Cavalier
40:14 Scale Barding Armor
42:31 Chain Barding Armor
Connection lost

Rejoining the realm…

Still unreachable

The connection could not be restored.

Session expired

The server has moved on; the page needs a fresh start.